Map: Одиссея РВ

Players

ИИ 1 (новичок)

  • Race: Terran Terran
  • Spawn Location: 5:00

Doll - Winner!

  • Race: Zerg Zerg
  • Spawn Location: 11:00

VOD

Have the link to the VOD?

Description

Time

  • Played on: July 9, 2021, 4:34 p.m.
  • Length: 12:40
Show
View Real Time Build Order
Export as new Build Order

ИИ 1 (новичок) Terran 

Build Orders: Reaper Expand 

Get SALT Encoding   

  12  0:00  SCV  
  13  0:13  SCV  
  14  0:19  Supply Depot  
  14  0:46  Barracks  
  14  1:07  Command Center  
  14  1:33  Marine  
  14  1:34  Orbital Command, Supply Depot  
  14  1:37  Refinery  
  15  1:49  Refinery  
  15  1:59  SCV  
  16  2:11  SCV  
  17  2:17  Reaper  
  18  2:23  SCV  
  18  2:25  SCV  
  20  2:35  SCV  
  21  2:39  SCV  
  22  2:47  SCV  
  23  2:53  Refinery, SCV  
  24  3:01  Marine, SCV  
  26  3:08  SCV  
  27  3:15  SCV  
  28  3:22  Factory, SCV  
  29  3:44  Marine  
  29  3:46  Refinery  
  29  3:48  SCV  
  31  3:55  SCV  
  32  4:00  Supply Depot  
  32  4:02  SCV  
  33  4:08  Starport  
  33  4:10  SCV  
  34  4:17  SCV  
  35  4:24  SCV  
  35  4:28  Reaper  
  37  4:31  SCV  
  38  4:38  SCV  
  38  4:42  Supply Depot  
  39  4:46  Starport Tech Lab, SCV  
  40  4:53  SCV  
  41  5:00  SCV  
  41  5:01  Barracks Tech Lab  
  42  5:07  Raven, SCV  
  45  5:15  SCV  
  45  5:20  Marine  
  47  5:22  SCV  
  48  5:50  Raven  
  50  6:03  Marine  
  51  6:47  Marauder  
  53  8:17  SCV  
  53  9:59  Reaper  
  45  10:09  Raven  
  43  10:21  SCV  
  43  10:22  Supply Depot  
  43  10:28  Hellion, SCV  
  32  10:36  SCV  
  32  10:45  Supply Depot  
  23  10:50  SCV  
  23  10:52  Raven  
  26  10:57  Hellion  
  26  11:02  SCV  
  21  11:09  Supply Depot  
  21  11:14  SCV  
  21  11:15  Marine  
  22  11:26  SCV  
  23  11:34  Medivac  
  23  11:35  Reaper  
  23  11:38  SCV  
  27  11:50  SCV  
  28  11:57  Ghost Academy  
  28  12:03  SCV  
  28  12:07  Marine  
  32  12:15  SCV  
Show
View Real Time Build Order
Export as new Build Order

Doll Zerg - Winner!

Build Orders: Hatch First 

Get SALT Encoding   

  12  0:00  Drone  
  13  0:13  Overlord  
  13  0:16  Drone  
  14  0:32  Drone x2  
  16  0:38  Drone  
  17  0:53  Hatchery  
  17  0:57  Extractor  
  15  0:59  Drone  
  16  1:15  Spawning Pool  
  16  1:17  Drone  
  16  1:21  Drone  
  16  1:25  Drone  
  18  1:29  Drone  
  19  1:39  Drone  
  20  1:51  Drone  
  21  2:05  Queen x2  
  21  2:06  Zergling x4  
  27  2:13  Overlord  
  27  2:20  Drone  
  28  2:30  Metabolic Boost  
  28  2:31  Roach Warren  
  28  2:35  Drone  
  28  2:37  Drone  
  28  2:40  Drone  
  30  2:45  Drone  
  30  2:46  Drone  
  30  2:49  Drone  
  33  2:54  Overlord  
  33  2:59  Drone  
  33  3:05  Drone  
  35  3:10  Drone  
  36  3:20  Zergling x12  
  42  3:33  Overlord  
  42  3:35  Drone  
  42  3:37  Drone  
  42  3:40  Drone, Hatchery  
  44  3:48  Overlord  
  44  3:52  Roach  
  44  3:54  Roach x2  
  44  3:55  Roach  
  52  4:01  Extractor  
  52  4:02  Drone  
  52  4:03  Overlord  
  52  4:07  Drone  
  52  4:09  Lair  
  53  4:14  Spore Crawler, Drone  
  53  4:19  Roach  
  53  4:22  Drone  
  53  4:23  Drone x2  
  58  4:26  Drone  
  59  4:35  Drone  
  59  4:36  Roach  
  62  4:38  Queen  
  62  4:44  Overlord  
  64  4:48  Roach  
  64  4:51  Ravager  
  64  4:52  Ravager  
  68  4:55  Roach  
  68  4:56  Roach  
  68  4:57  Overlord, Drone x2  
  74  5:08  Extractor  
  74  5:09  Drone  
  74  5:10  Drone x2  
  74  5:11  Queen, Extractor  
  77  5:15  Roach  
  77  5:16  Roach x2  
  77  5:21  Drone x3  
  86  5:30  Drone  
  86  5:31  Overlord, Roach  
  86  5:33  Spine Crawler  
  88  5:37  Roach  
  90  5:44  Overlord  
  90  5:51  Drone x3  
  90  5:52  Drone x3  
  90  5:53  Drone  
  97  5:57  Glial Reconstitution  
  97  5:58  Spire  
  97  6:00  Overlord  
  96  6:04  Overseer  
  96  6:07  Overseer  
  96  6:10  Drone x3  
  99  6:14  Extractor  
  98  6:22  Roach x4  
  98  6:24  Roach  
  108  6:26  Roach  
  108  6:29  Extractor, Roach  
  108  6:31  Drone  
  108  6:32  Drone  
  113  6:34  Overlord  
  113  6:40  Drone  
  113  6:41  Overlord  
  114  6:49  Hydralisk Den  
  114  6:52  Infestation Pit, Drone  
  114  6:53  Drone x2  
  116  6:54  Drone x3  
  116  6:55  Drone  
  116  6:56  Drone  
  116  7:00  Drone x2  
  122  7:01  Pneumatized Carapace  
  122  7:03  Drone  
  122  7:07  Queen  
  125  7:10  Drone  
  126  7:20  Overlord  
  126  7:23  Overlord  
  126  7:25  Hatchery  
  126  7:29  Mutalisk x2  
  127  7:31  Overlord  
  127  7:33  Drone  
  130  7:39  Evolution Chamber  
  130  7:40  Evolution Chamber  
  130  7:42  Drone x3  
  130  7:43  Drone  
  130  7:44  Drone x2  
  133  7:45  Evolution Chamber  
  133  7:47  Drone x2  
  135  7:55  Mutalisk  
  135  7:56  Mutalisk x2  
  141  8:03  Ravager  
  141  8:04  Ravager x2  
  141  8:05  Ravager x2  
  146  8:06  Mutalisk  
  146  8:07  Mutalisk  
  146  8:08  Overlord  
  150  8:15  Baneling Nest  
  150  8:17  Zerg Melee Weapons Level 1  
  149  8:20  Zergling x4  
  149  8:21  Overlord, Roach  
  149  8:22  Overlord  
  149  8:26  Drone  
  154  8:27  Drone  
  154  8:28  Mutalisk  
  154  8:32  Zerg Ground Armor Level 1  
  157  8:36  Drone  
  157  8:38  Drone x3  
  161  8:41  Mutalisk  
  161  8:43  Drone x2  
  161  8:46  Drone  
  161  8:48  Zerg Missile Weapons Level 1  
  166  8:54  Mutalisk  
  168  8:55  Mutalisk  
  168  8:58  Drone x3  
  168  8:59  Queen  
  168  9:00  Queen  
  168  9:01  Queen  
  168  9:02  Overlord  
  179  9:03  Overlord  
  179  9:12  Mutalisk x2  
  179  9:14  Overlord x2  
  183  9:20  Mutalisk  
  183  9:21  Mutalisk  
  183  9:24  Roach x2  
  189  9:26  Roach  
  189  9:27  Roach  
  189  9:28  Zergling x2  
  189  9:29  Zergling x2  
  189  9:31  Zergling x2  
  198  9:32  Zergling x2  
  198  9:38  Zergling x2  
  199  10:57  Hive  
Tags
 
Add a new tag
Caveats
  • Supply blocks, unpowered buildings, or Contaminate may cause inaccurate times.
  • Supply counts are checked every 10 seconds.